 Dungeon Crawl Stone Soup version 0.27.1-34-g3ba077fa99 (webtiles) character file.

Game seed: 4542275032379700380

341 Kaptain the Digger (level 6, -1/35 HPs)
             Began as a Gargoyle Earth Elementalist on Jan 24, 2022.
             Slain by an iguana (11 damage)
             ... on level 4 of the Dungeon.
             The game lasted 00:08:22 (4221 turns).

Kaptain the Digger (Gargoyle Earth Elementalist)    Turns: 4221, Time: 00:08:23

Health: -1/35      AC:  6    Str: 12    XL:     6   Next: 56%
Magic:  0/11       EV: 12    Int: 17    God:
Gold:   154        SH:  5    Dex: 10    Spells: 8/12 levels left

rFire    . . .     SeeInvis .   n - +0 rapier
rCold    . . .     Faith    .   (no shield)
rNeg     + . .     Spirit   .   b - +0 robe
rPois    ∞         Reflect  +   (no helmet)
rElec    +         Harm     .   (no cloak)
rCorr    .         Rampage  .   (no gloves)
Will     .....                  (no boots)
Stlth    ++........             f - amulet of reflection
HPRegen  0.11/turn              (no ring)
MPRegen  0.12/turn              (no ring)

@: no status effects
A: sickness immunity, AC +4, negative energy resistance 1, electricity
resistance, torment resistance 1, petrification resistance
a: no special abilities


You were on level 4 of the Dungeon.
You visited 2 branches of the dungeon, and saw 5 of its levels.

You collected 154 gold pieces.

Inventory:

Hand Weapons
 h - a +0 trident
 i - a +3 club
 n - a +0 rapier (weapon)
Missiles
 c - 57 stones
Armour
 b - a +0 robe (worn)
Jewellery
 f - an amulet of reflection (around neck)
Scrolls
 a - 2 scrolls of fog
Potions
 d - 2 potions of haste
 e - a potion of degeneration {unknown}
 g - a potion of ambrosia {unknown}
 k - 4 potions of curing
 l - a potion of attraction {unknown}
 m - 2 potions of brilliance {unknown}
 o - a potion of invisibility {unknown}


   Skills:
 + Level 2.0 Fighting
 + Level 1.8 Armour
 + Level 2.3 Dodging
 + Level 3.1 Stealth
 * Level 3.5 Spellcasting
 * Level 2.2 Conjurations
 - Level 0.7 Transmutations
 * Level 5.0 Earth Magic


You had 8 spell levels left.
You knew the following spells:

 Your Spells              Type           Power      Damage    Failure   Level
a - Sandblast             Erth           40%        2d10      1%          1
b - Stone Arrow           Conj/Erth      30%        3d8       11%         3

Your spell library contained the following spells:

 Spells                   Type           Power      Damage    Failure   Level
 Magic Dart               Conj           40%        1d5       7%          1
 Passwall                 Tmut/Erth      10%        N/A       8%          2
 Foxfire                  Conj/Fire      24%        2x1d5     11%         1
 Call Imp                 Summ           2%         N/A       26%         2
 Conjure Flame            Conj/Fire      6%         6-21      32%         3
 Mephitic Cloud           Conj/Pois/Air  5%         N/A       36%         3
 Inner Flame              Hex/Fire       2%         N/A       45%         3
 Petrify                  Tmut/Erth      12%        N/A       45%         4


Dungeon Overview and Level Annotations

Branches:
Dungeon (4/15)             Temple (1/1) D:4

Altars:
Cheibriados
Dithmenos
Elyvilon
Fedhas
Gozag
Hepliaklqana
Kikubaaqudgha
Makhleb
Nemelex Xobeh
Okawaru
Qazlal
Ru
Sif Muna
Trog
Uskayaw
Wu Jian
Xom
Yredelemnul
Zin


Innate Abilities, Weirdness & Mutations

You are immune to sickness and miasma.
Your stone body is resilient. (AC +4)
You are immune to poison.
You resist negative energy. (rN+)
You are resistant to electric shocks. (rElec)
You are resistant to unholy torment.
You are immune to petrification.


Message History

Confirm with . or Enter, or press ? or * to list all spells.
Aiming: Sandblast (safe; 1% risk of failure)
Press: ? - help, Shift-Dir - straight line, f/p - iguana
Aim: an iguana (heavily wounded, 83% to hit)
The blast of sand misses the iguana.
The iguana barely misses you.
Casting: Sandblast (safe; 1% risk of failure)
Confirm with . or Enter, or press ? or * to list all spells.
Aiming: Sandblast (safe; 1% risk of failure)
Press: ? - help, Shift-Dir - straight line, f/p - iguana
Aim: an iguana (heavily wounded, 83% to hit)
The blast of sand hits the iguana.
The iguana is severely wounded.
The iguana barely misses you.
Casting: Sandblast (safe; 1% risk of failure)
Confirm with . or Enter, or press ? or * to list all spells.
Aiming: Sandblast (safe; 1% risk of failure)
Press: ? - help, Shift-Dir - straight line, f/p - iguana
Aim: an iguana (severely wounded, 83% to hit)
The blast of sand hits the iguana but does no damage.
The iguana is severely wounded.
The iguana bites you.
Casting: Sandblast (safe; 1% risk of failure)
Confirm with . or Enter, or press ? or * to list all spells.
Aiming: Sandblast (safe; 1% risk of failure)
Press: ? - help, Shift-Dir - straight line, f/p - iguana
Aim: an iguana (severely wounded, 83% to hit)
The blast of sand hits the iguana.
The iguana is almost dead.
The iguana bites you.
* * * LOW HITPOINT WARNING * * *
Unknown command.
Casting: Sandblast (safe; 1% risk of failure)
Confirm with . or Enter, or press ? or * to list all spells.
Aiming: Sandblast (safe; 1% risk of failure)
Press: ? - help, Shift-Dir - straight line, f/p - iguana
Aim: an iguana (almost dead, 83% to hit)
The blast of sand hits the iguana.
The iguana is almost dead.
The iguana bites you!
You die...

##..#..# #.##.#..## #.#.......##
#...#..###.##.....###..........##
...............................'^
#...##.########................##
##.###.# ##..#####.......## ###
.. ##.# ##.....## ##.## ##...##
#...# ##'## #@.## #.# #l## ####.#
#.# ##....## .#. ##......##### .#
# .............# ##
###..........# #...........
#.#........# ....#.......#


You could see an iguana.

Vanquished Creatures
  2 scorpions
  A jelly (D:4)
  A centaur skeleton (D:4)
  Jessica (D:2)
  9 adders
  4 orcs (D:3)
  5 ball pythons
  3 endoplasms
  2 giant cockroaches
  6 goblins
  5 hobgoblins
  7 jackals (D:1)
  2 quokkas (D:2)
  2 bats (D:2)
  3 frilled lizards (D:1)
  4 kobolds
  3 rats (D:3)
60 creatures vanquished.

Notes
Turn   | Place    | Note
-------+----------+-------------------------------------------
     0 | D:1      | Kaptain the Gargoyle Earth Elementalist began the quest for
                  | the Orb.
     0 | D:1      | Reached XP level 1. HP: 10/10 MP: 3/3
   386 | D:1      | Reached XP level 2. HP: 11/15 MP: 3/5
  1287 | D:2      | Reached skill level 4 in Earth Magic
  1287 | D:2      | Reached XP level 3. HP: 16/20 MP: 3/6
  1462 | D:2      | Found a faded altar of an unknown god.
  1495 | D:2      | Noticed Jessica
  1515 | D:2      | Killed Jessica
  1516 | D:2      | Reached skill level 1 in Fighting
  1516 | D:2      | Reached skill level 1 in Armour
  1516 | D:2      | Reached XP level 4. HP: 15/25 MP: 0/7
  1854 | D:2      | Learned a level 3 spell: Stone Arrow
  2567 | D:3      | Reached XP level 5. HP: 29/29 MP: 7/9
  2684 | D:3      | Reached skill level 1 in Conjurations
  2826 | D:3      | Found a sparkling altar of Nemelex Xobeh.
  3605 | D:4      | Found a staircase to the Ecumenical Temple.
  3613 | Temple   | Entered the Ecumenical Temple
  3823 | D:4      | Reached XP level 6. HP: 35/35 MP: 6/11
  3933 | D:4      | Reached skill level 5 in Earth Magic
  4221 | D:4      | Slain by an iguana

Illustrated notes

Levels and vault maps discovered:
D:1:      dpeg_arrival_line_fractal, layout_basic, serial_curves,
          eino_curves_01, eino_curves_01
D:2:      layout_basic, shapermc_ecumenical_altar_mp_vishouse,
          kennysheep_generic_room_12, uniq_jessica
D:3:      minmay_door_path, layout_loops_ring, lemuel_tele_altar,
          kennysheep_decorative_pillar
D:4:      layout_loops_corners, mainiacjoe_overflow_surrounded_room,
          minmay_temple_entry_tees
Temple:   regret_index_temple_mists

Skill      XL: |  1  2  3  4  5  6 |
---------------+-------------------+-----
Earth Magic    | 4 5 |  5.0
Fighting       | 1 2 |  2.0
Armour         | 1 |  1.8
Dodging        | 2 |  2.3
Spellcasting   | 3 |  3.5
Conjurations   | 1 2 |  2.2
Stealth        | 3 |  3.1
Transmutations | |  0.7

Action                   |  1- 3 |  4- 6 || total
-------------------------+-------+-------++-------
Melee: Dagger            |     9 |       ||     9
       Short sword       |     4 |       ||     4
       Club              |       |     1 ||     1
       Rapier            |       |    12 ||    12
 Cast: Sandblast         |    31 |    82 ||   113
  Use: Scroll            |     1 |     4 ||     5
       Potion            |     1 |       ||     1
 Stab: Sleeping          |     1 |     2 ||     3
Armor: Robe              |    11 |     8 ||    19
Dodge: Dodged            |    19 |    20 ||    39
Block: Other             |       |     2 ||     2
